 Dungeon Crawl Stone Soup version 0.26-a0-639-g72c4674329 (webtiles) character file.

Game seed: 8704301464598618406

(classic levelgen) 2080 EnegeticOcto the Cleaver (level 9, -2/81 HPs)
             Began as a Deep Dwarf Fighter on Sept 28, 2020.
             Was a Believer of Makhleb.
             Slain by Harold
             ... wielding a +0 halberd
              (4 damage)
             ... on level 7 of the Dungeon.
             The game lasted 00:02:11 (3479 turns).

EnegeticOcto the Cleaver (Deep Dwarf Fighter)       Turns: 3479, Time: 00:02:12

Health: -2/81      AC: 11    Str: 23    XL:     9   Next: 6%
Magic:  11/11      EV:  8    Int:  9    God:    Makhleb [**....]
Gold:   339        SH: 11    Dex: 12    Spells: 8/8 levels left

rFire    . . .     SeeInvis .   a - +0 war axe
rCold    . . .     Faith    .   c - +0 kite shield
rNeg     . . .     Spirit   .   b - +0 scale mail
rPois    .         Reflect  .   (no helmet)
rElec    .         Harm     .   q - +0 cloak
rCorr    .         Rampage  .   h - +0 pair of gloves
MR       +....                  s - +0 pair of boots (curse)
Stlth    ..........             (no amulet)
HPRegen  0.00/turn              (no ring)
MPRegen  0.12/turn              (no ring)

@: marked, non-regenerating
A: damage resistance, heal wounds, sense surroundings 2, no regeneration
a: Heal Wounds, Minor Destruction, Renounce Religion


You were on level 7 of the Dungeon.
You worshipped Makhleb.
Makhleb was pleased with you.
You visited 2 branches of the dungeon, and saw 10 of its levels.

You collected 339 gold pieces.

Inventory:

Hand Weapons
 a - a +0 war axe (weapon)
Armour
 b - a +0 scale mail (worn)
 c - a +0 kite shield (worn)
 h - a +0 pair of gloves (worn)
 q - a +0 cloak (worn)
 s - a cursed +0 pair of boots (worn)
Jewellery
 w - an uncursed amulet of faith {unknown}
Wands
 k - a wand of enslavement (15)
 p - a wand of paralysis (9)
 t - a wand of iceblast (12) {@v2}
 u - a wand of disintegration (7)
Scrolls
 e - 4 scrolls of magic mapping {unknown}
 g - 2 scrolls of blinking {unknown}
 i - 6 scrolls of identify {unknown}
 j - a scroll of enchant armour {unknown}
 n - a scroll of immolation {unknown}
Potions
 d - a potion of might {@q3}
 f - 3 potions of haste {unknown}
 l - 3 potions of brilliance {unknown}
 m - a potion of heal wounds {unknown}
 o - a potion of flight {unknown}
 r - a potion of lignification {unknown}
 v - a potion of degeneration {unknown}
 x - a potion of magic {unknown}


   Skills:
 + Level 5.2 Fighting
 * Level 8.1 Axes
 + Level 6.2 Armour
 + Level 6.4 Shields
 + Level 5.1 Invocations


You had 8 spell levels left.
You didn't know any spells.
Your spell library was empty.

Dungeon Overview and Level Annotations

Branches:
Dungeon (9/15)             Temple (1/1) D:4
   Lair: D:8-11         Orc: D:9-12

Altars:
Cheibriados
Dithmenos
Elyvilon
Fedhas
Gozag
Hepliaklqana
Makhleb
Nemelex Xobeh
Okawaru
Qazlal
Ru
Trog
Vehumet
Yredelemnul

Annotations:
D:6 1 runed translucent door, 2 transporters, Crazy Yiuf; TrebMcFLY's ghost, novice OgTm
D:7 Harold


Innate Abilities, Weirdness & Mutations

You are resistant to damage.
You can heal yourself by infusing magical energy.
You passively map the area around you.
You do not regenerate.


Message History

You kill the killer bee!
Makhleb accepts your kill.
You have reached level 9!
Your experience leads to an increase in your attributes!
Increase (s)trength, (i)ntelligence, or (d)exterity?
You feel stronger.
Your attunement to dungeon structure grows.
You slash the killer bee!
You kill the killer bee!
Makhleb accepts your kill.
You feel better.
You slash the killer bee!
The killer bee stings you but does no damage.
The killer bee barely misses you.
You slice the killer bee!!
You kill the killer bee!
Makhleb accepts your kill.
You feel better.
No target in view!
No target in view!
No target in view!
No target in view!
No target in view!
No target in view!
No target in view!
No target in view!
No target in view!
No target in view!
A quokka comes into view.
The quokka twitches its whiskers.
You block the quokka's attack.
The quokka bites you but does no damage.
Found a stone staircase leading up.
You barely miss the quokka. You block the quokka's attack.
You hit the quokka but do no damage. You block the quokka's attack.
The quokka bites you but does no damage.
You hit the quokka but do no damage.
The quokka bites you but does no damage.
You slash the quokka!
You kill the quokka!
Makhleb accepts your kill.
You feel better.
No target in view!
You see here a quokka corpse.
Harold the Weathered comes into view.
He is wielding a +0 halberd.
Harold shouts!
Harold throws a throwing net.
The throwing net hits you.
You become entangled in the net!
You see here a throwing net.
You struggle against the net.
Harold drinks a potion.
Harold flickers and vanishes!
Deactivating autopickup; reactivate with Ctrl-A.
You struggle against the net.
You struggle against the net.
You struggle against the net.
You shred the net and break free!
A throwing net appears from out of thin air!
The throwing net hits you.
You become entangled in the net!
You struggle against the net.
You struggle against the net.
You struggle against the net.
Something hits you!
You struggle against the net.
You rip the net and break free!
Something hits you! Something hits you but does no damage.
You hit something but do no damage. Something hits you!!
You slash something! Something hits you!
* * * LOW HITPOINT WARNING * * *
You barely miss something.
You hear some strange, mumbled words.
A sentinel's mark forms upon you.
You barely miss something. Something hits you!
* * * LOW HITPOINT WARNING * * *
Something hits you but does no damage.
You hear some strange, mumbled words.
The mark upon you grows brighter.
You see here a quokka corpse.
You hear some strange, mumbled words.
Something tries to affect you, but you resist.
You feel much better.
You feel much better.
You hear some strange, mumbled words.
The mark upon you grows brighter.
You feel much better.
You hear some strange, mumbled words.
The mark upon you grows brighter.
You hear some strange, mumbled words.
The mark upon you grows brighter. Something hits you!
You see here a quokka corpse.
You closely miss something.
You are no longer poisoned.
Something hits you!!
You slash something! Something hits you!!
You hit something but do no damage. Something hits you.
You hit something but do no damage. Something hits you!
* * * LOW HITPOINT WARNING * * *
You slash something! Something hits you!
* * * LOW HITPOINT WARNING * * *
Your shield prevents you from hitting something.
Something hits you.
You die...

, #. #.# ... , #.#.#
#.##.. ..., , #####.#.#
..#.# ... , ,* , ,
........# *#.#.#...., ,
,, ........#*##...#.. ,
,, ,...<..... ...... *,
........# * #††#
*........#####..######.*
* ,
........{@............
*........######.######.,*
, ..............># *, *
#######.######.# *,,,,
#.# #.# , * #.# #.# * , ,
#.# #.# * ,, ,, #.# #.# ,
, * #.# * *


There were no monsters in sight!

Vanquished Creatures
  A hippogriff (D:9)
  Sigmund (D:5)
  Edmund (D:5)
  An ice beast (D:5)
  A phantom (D:4)
  3 sky beasts
  An ogre (D:6)
  A centaur (D:6)
  Blork the orc (D:4)
  A big kobold (D:8)
  A scorpion (D:4)
  4 killer bees (D:7)
  A howler monkey (D:5)
  A centaur zombie (D:8)
  A bullfrog zombie (D:5)
  3 bullfrog skeletons (D:5)
  An orc priest (D:4)
  2 jellies
  2 orc wizards
  2 centaur skeletons
  3 worker ants
  7 adders
  A shadow imp (D:8)
  3 ufetubi
  2 oozes
  An adder skeleton (D:6)
  3 leopard geckos
  15 orcs
  3 giant cockroaches
  2 goblins
  5 hobgoblins
  16 jackals
  2 quokkas
  A ball python (D:3)
  A ball python zombie (D:5)
  6 bats
  3 frilled lizards
  11 kobolds
  7 rats
122 creatures vanquished.

Notes
Turn   | Place    | Note
-------+----------+-------------------------------------------
     0 | D:1      | EnegeticOcto the Deep Dwarf Fighter began the quest for the
                  | Orb.
     0 | D:1      | Reached XP level 1. HP: 20/20 MP: 1/1
   115 | D:1      | Reached XP level 2. HP: 27/27 MP: 2/2
   221 | D:2      | Reached skill level 3 in Axes
   221 | D:2      | Reached XP level 3. HP: 26/33 MP: 3/3
   553 | D:3      | Reached XP level 4. HP: 42/42 MP: 4/4
   842 | D:4      | Reached skill level 4 in Axes
   842 | D:4      | Reached XP level 5. HP: 46/49 MP: 5/5
   870 | D:4      | Noticed Blork the orc
   887 | D:4      | Killed Blork the orc
   923 | D:4      | Found a staircase to the Ecumenical Temple.
   926 | D:4      | Reached XP level 6. HP: 43/57 MP: 6/6
   930 | Temple   | Entered the Ecumenical Temple
   950 | Temple   | Became a worshipper of Makhleb the Destroyer
  1102 | D:4      | Reached skill level 5 in Axes
  1102 | D:4      | Reached skill level 1 in Invocations
  1316 | D:4      | Found a radiant altar of Vehumet.
  1651 | D:5      | Entered Level 5 of the Dungeon
  1990 | D:5      | Noticed an ice beast
  2022 | D:5      | Killed an ice beast
  2022 | D:5      | Reached XP level 7. HP: 51/64 MP: 8/8
  2047 | D:5      | Reached skill level 5 in Shields
  2155 | D:5      | Noticed Sigmund
  2162 | D:5      | Killed Sigmund
  2162 | D:5      | Reached skill level 6 in Axes
  2162 | D:5      | Reached skill level 5 in Armour
  2181 | D:5      | Noticed Edmund
  2198 | D:5      | Killed Edmund
  2228 | D:5      | Reached * piety under Makhleb
  2661 | D:6      | Reached XP level 8. HP: 67/73 MP: 10/10
  2794 | D:6      | Found a runed translucent door.
  2795 | D:6      | Noticed Crazy Yiuf
  2921 | D:6      | Reached skill level 7 in Axes
  2952 | D:6      | Found a transporter.
  2971 | D:6      | Found a transporter.
  2971 | D:6      | Noticed TrebMcFLY's ghost (novice OgTm)
  2981 | D:6      | Noticed a hornet
  2982 | D:6      | Noticed a queen bee
  3118 | D:6      | You fall into a shaft and drop 3 floors!
  3149 | D:9      | Noticed a hippogriff
  3160 | D:9      | Killed a hippogriff
  3160 | D:9      | Reached skill level 5 in Fighting
  3235 | D:8      | Reached ** piety under Makhleb
  3415 | D:8      | Reached skill level 5 in Invocations
  3436 | D:7      | Reached skill level 8 in Axes
  3438 | D:7      | Gained mutation: You passively map the area around you.
                  | [Deep Dwarf growth]
  3438 | D:7      | Reached XP level 9. HP: 53/81 MP: 11/11
  3449 | D:7      | Noticed Harold
  3478 | D:7      | HP: 2/81 [something (15)]
  3479 | D:7      | Slain by Harold

Illustrated notes

Levels and vault maps discovered:
D:1:      sevenhm_arrival_forest_fort_large_4, layout_basic
D:2:      layout_loops_ring, item_on_display_a
D:3:      layout_loops_cross
D:4:      layout_layer_cave, lemuel_coloured_pillars_altar,
          minmay_temple_entry_proselytizer, uniq_blork_the_orc
D:5:      layout_basic, sigmund_edmund_badplayer
D:6:      minmay_inner_zag, layout_gridville, gammafunk_ghost_hive,
          chequers_serial_rivers_micro_e, uniq_crazy_yiuf_cottage
D:7:      layout_basic, uniq_harold, uniq_prince_ribbit1, uniq_maggie
D:8:      layout_rooms
D:9:      layout_roguey, kennysheep_generic_room_16, uniq_gastronok
Temple:   nicolae_temple_the_god_donut

Skill      XL: |  1  2  3  4  5  6  7  8 |
---------------+-------------------------+-----
Axes           | 3 4 5 6 8 |  8.1
Fighting       | 3 4 5 |  5.2
Shields        | 4 5 6 |  6.4
Armour         | 4 5 6 |  6.2
Invocations    | 2 3 5 |  5.1

Action                   |  1- 3 |  4- 6 |  7- 9 || total
-------------------------+-------+-------+-------++-------
Melee: War axe           |   124 |   155 |   219 ||   498
 Abil: Heal Wounds       |     1 |     4 |     7 ||    12
Armor: Scale mail        |    72 |    68 |   128 ||   268
Dodge: Dodged            |    48 |    45 |    57 ||   150
Block: Kite shield       |    73 |    90 |   130 ||   293

Table legend: (Time is in decaauts)
 A = Elapsed time spent in this place.
 B = Non-inter-level travel time spent in this place.
 C = Inter-level travel time spent in this place.
 D = Time resting spent in this place.
 E = Time spent auto-exploring this place.
 F = Levels seen in this place.
 G = Mean time per level.
                   A        B        C        D        E       F      G
               +--------+--------+--------+--------+--------+-----+--------+
         Total |   3632 |   3431 |    201 |      0 |   2406 |  10 |  363.2 |
       Dungeon |   3595 |   3409 |    186 |      0 |   2391 |   9 |  399.4 |
        Temple |     36 |     21 |     15 |      0 |     15 |   1 |   36.0 |
               +--------+--------+--------+--------+--------+-----+--------+

Top non-repeatable levels by time:
     D:5: 1031 daAuts
     D:4: 912 daAuts
     D:6: 487 daAuts
     D:3: 414 daAuts
     D:8: 262 daAuts
     D:2: 191 daAuts
     D:1: 184 daAuts
     D:9: 57 daAuts
     D:7: 54 daAuts
  Temple: 36 daAuts
